Map: Pylon LE

Players

gtCheticus - Winner!

  • Race: Zerg Zerg
  • League: Master
  • Spawn Location: 5:00

llllllllllll

  • Race: Protoss Protoss
  • League: Master
  • Spawn Location: 11:00

VOD

Have the link to the VOD?

Description

Time

  • Played on: Oct. 9, 2025, 6:34 p.m.
  • Length: 3:54
Show
View Real Time Build Order
Export as new Build Order

gtCheticus Zerg - Winner!

Build Orders: Hatch First 

Get SALT Encoding   

  12  0:00  Drone  
  13  0:08  Drone  
  14  0:24  Overlord  
  14  0:42  Drone x2  
  16  0:47  Drone  
  17  0:57  Drone  
  18  1:11  Drone  
  16  1:20  Drone  
  17  1:51  Hatchery  
  16  1:56  Drone x3  
  19  2:15  Drone  
  20  2:20  Spawning Pool  
  19  2:30  Drone  
  19  2:31  Drone  
  21  3:08  Queen  
  21  3:09  Spine Crawler, Zergling x2, Queen  
  21  3:10  Spine Crawler x2, Zergling x2  
  24  3:20  Zergling x2  
Show
View Real Time Build Order
Export as new Build Order

llllllllllll Protoss 

Build Orders:  

Get SALT Encoding   

  1  0:00  Probe  
  13  0:09  Probe  
  14  0:26  Pylon  
  14  0:28  Probe  
  15  0:44  Probe  
  15  0:48  Gateway  
  16  0:50  Forge  
  13  1:28  Pylon  
  13  1:36  Zealot  
  15  1:59  Zealot  
  17  2:24  Zealot  
  19  2:43  Probe  
Tags
 
Matchup
PvZ
Spawn Locations
Cross Positions
Add a new tag
Caveats
  • Supply blocks, unpowered buildings, or Contaminate may cause inaccurate times.
  • Supply counts are checked every 10 seconds.